 Dungeon Crawl Stone Soup version 0.29-a0-422-gafbd6decc1 (webtiles) character file.

Game seed: 5062052547867986070

279 siradein the Ogre Mage (level 6, 0/50 (61) HPs)
             Began as an Ogre Air Elementalist on May 18, 2022.
             Splashed by a jelly's acid (7 damage)
             ... on level 5 of the Dungeon.
             The game lasted 00:20:23 (5557 turns).

siradein the Ogre Mage (Ogre Air Elementalist)      Turns: 5557, Time: 00:20:24

HP:   0/50 (61)     AC:  3    Str: 13    XL:     6   Next: 26%
MP:   4/12          EV:  9    Int: 18    God:
Gold: 176           SH:  0    Dex:  9    Spells: 3/13 levels left

rFire   . . .      SeeInvis .   l - +2 dagger (freeze)
rCold   . . .      Faith    .   (no shield)
rNeg    . . .      Spirit   .   a - +0 robe
rPois   .          Reflect  .   (helmet restricted)
rElec   .          Harm     .   (no cloak)
rCorr   .          Rampage  .   (gloves unavailable)
Will    .....                   (boots unavailable)
Stlth   +.........              (no amulet)
HPRegen 0.16/turn               (no ring)
MPRegen 0.13/turn               (no ring)

@: sluggish, studying Evocations, heavily drained, very slow
A: large, unfitting armour, tough skin 1
a: no special abilities


You were on level 5 of the Dungeon.
You visited 1 branch of the dungeon, and saw 5 of its levels.

You collected 176 gold pieces.

Inventory:

Hand Weapons
 l - a +2 dagger of freezing (weapon)
Missiles
 c - 3 poisoned darts
 q - 3 curare-tipped darts
Armour
 a - a +0 robe (worn)
Scrolls
 e - 3 scrolls of enchant weapon
 f - a scroll of poison
 h - 2 scrolls of vulnerability {unknown}
 j - 2 scrolls of immolation {unknown}
 m - 3 scrolls of teleportation {unknown}
 r - a scroll of amnesia {unknown}
Potions
 b - 3 potions of magic
 d - a potion of berserk rage {unknown}
 g - 2 potions of flight
 i - a potion of mutation {unknown}
 k - a potion of might
 n - 2 potions of curing
 o - 2 potions of invisibility {unknown}
 p - a potion of lignification {unknown}


   Skills:
 + Level 3.6 Fighting
 - Level 1.7 Dodging
 - Level 1.4 Stealth
 + Level 4.1 Spellcasting
 + Level 2.8 Conjurations
 + Level 3.8 Air Magic


You had 3 spell levels left.
You knew the following spells:

 Your Spells              Type           Power      Damage    Failure   Level
a - Shock                 Conj/Air       60%        1d6       3%          1
b - Static Discharge      Conj/Air       15%        N/A       5%          2
c - Swiftness             Air            17%        N/A       9%          3
d - Airstrike             Air            8%         N/A       30%         4

Your spell library contained the following spells:

 Spells                   Type           Power      Damage    Failure   Level
 Slow                     Hex            12%        N/A       14%         1
 Confusing Touch          Hex            3%         N/A       41%         3
 Tukima's Dance           Hex            3%         N/A       41%         3
 Vampiric Draining        Necr           3%         2d6       41%         3
 Anguish                  Hex/Necr       1%         N/A       82%         4
 Enfeeble                 Hex            1%         N/A       100%        7


Dungeon Overview and Level Annotations

Branches:
Dungeon (5/15)
 Temple: D:4-7

Altars:

Shops:
D:1 **:

Portals:
Abyss: D:3

Annotations:
D:3 2 transporters, Eustachio; zishaf's ghost, amateur DjVM
D:5 Edmund


Innate Abilities, Weirdness & Mutations

You are too large for most types of armour.
You have tough skin. (AC +1)


Message History

You feel drained.
You are too injured to fight recklessly!
Casting: Shock (safe; 3% risk of failure)
Confirm with . or Enter, or press ? or * to list all spells.
Aiming: Shock (safe; 3% risk of failure)
Press: ? - help, Shift-Dir - straight line, f/p - Edmund
Aim: Edmund, wielding a +5 flail of draining and wearing a +0 chain mail (heavily wounded, 79% to hit)
The zap hits Edmund.
Edmund is heavily wounded.
The zap misses Edmund.
Edmund hits you with a +5 flail of draining.
You feel drained.
Unknown command.
Casting: Shock (safe; 3% risk of failure)
Confirm with . or Enter, or press ? or * to list all spells.
You feel quick.
Edmund hits you with a +5 flail of draining!
* * * LOW HITPOINT WARNING * * *
You feel drained.
* * * LOW HITPOINT WARNING * * *
You start to feel a little slower.
A jelly comes into view.
You feel sluggish.
The jelly quivers.
The jelly closely misses you. The jelly closely misses you.
The jelly hits you but does no damage. x2
The jelly hits you but does no damage.
Edmund says, "People think my brother is the best.
I think he's crazy."
The jelly attacks as you move away! The jelly barely misses you.
The jelly barely misses you. The jelly attacks as you move away!
The jelly hits you but does no damage. The jelly attacks as you move away!
The jelly closely misses you.
You start to feel a little faster.
The jelly closely misses you.
Edmund says, "People will remember me!
They'll remember me and die!"
The jelly attacks as you move away! The jelly hits you.
* * * LOW HITPOINT WARNING * * *
You are splashed with acid!
You die...

.....# ..# #....# ###.# ...
+....+ ..#.## #.# #....# #$#.##.#
#.# ###....# #.#.##.# #.#
#.+$.$.# #.#.#... #.#
#.#....#######.#.####
#########.###.#............#.#...
..............@J@.............>##
########....#.####.##............
#....#.# #..#..#####.####
.........# ##.#..# #.#
#.....#.### .#..# #.# #.....#.#
.#..# #.# #.....#.# .#..# #.#
#####+#.# #..# #.# ...


You could see Edmund and a jelly.

Vanquished Creatures
  A scorpion (D:4)
  2 orc priests (D:3)
  An orc wizard (D:3)
  4 adders
  4 worms
  5 dart slugs
  3 orcs (D:3)
  8 ball pythons
  11 endoplasms
  2 giant cockroaches
  4 hobgoblins
  4 jackals (D:3)
  4 quokkas
  5 bats
  5 frilled lizards
  7 goblins
  4 kobolds
  3 rats
77 creatures vanquished.

Notes
Turn   | Place    | Note
-------+----------+-------------------------------------------
     0 | D:1      | siradein the Ogre Air Elementalist began the quest for the
                  | Orb.
     0 | D:1      | Reached XP level 1. HP: 16/16 MP: 3/3
    53 | D:1      | Reached skill level 1 in Conjurations
   247 | D:1      | Found Secun's General Store.
   317 | D:1      | Reached skill level 1 in Fighting
   317 | D:1      | Reached XP level 2. HP: 17/27 MP: 0/5
   500 | D:1      | Found Kuukushree's Assorted Antiques.
   668 | D:1      | Found Tyosaw's Book Boutique.
  1042 | D:1      | Learned a level 2 spell: Static Discharge
  1115 | D:1      | Reached XP level 3. HP: 33/33 MP: 1/7
  1119 | D:1      | Learned a level 3 spell: Swiftness
  1615 | D:2      | Reached skill level 3 in Spellcasting
  2047 | D:2      | Reached XP level 4. HP: 42/42 MP: 5/8
  3028 | D:3      | Found a one-way gate to the infinite horrors of the Abyss.
  3028 | D:3      | Noticed zishaf's ghost (amateur DjVM)
  3240 | D:3      | Found a faded altar of an unknown god.
  3408 | D:3      | Noticed a small abomination
  3733 | D:3      | Found a transporter.
  3738 | D:3      | Noticed a small abomination
  3777 | D:3      | Found a transporter.
  3893 | D:4      | Noticed Eustachio
  3945 | D:3      | Reached XP level 5. HP: 36/52 MP: 6/10
  5013 | D:4      | Reached skill level 4 in Spellcasting
  5013 | D:4      | Reached XP level 6. HP: 55/61 MP: 1/12
  5282 | D:4      | Learned a level 4 spell: Airstrike
  5457 | D:5      | Entered Level 5 of the Dungeon
  5508 | D:5      | Noticed Edmund
  5557 | D:5      | Splashed by a jelly's acid

Illustrated notes

Levels and vault maps discovered:
D:1:      dpeg_arrival_prison, layout_basic, serial_shops, nicolae_shop_stone,
          nicolae_shop_waterfront, nicolae_diamond_shop
D:2:      layout_basic
D:3:      layout_loops_cross, nicolae_ecumenical_snake_handling,
          gammafunk_ghost_abyssal_escape
D:4:      layout_basic, uniq_eustachio
D:5:      layout_basic, serial_shops, shop_fountains, nicolae_square_shop,
          nicolae_ossuary_entry_giza, uniq_edmund, uniq_blork_the_orc

Skill      XL: |  1  2  3  4  5 |
---------------+----------------+-----
Conjurations   | 1 2 |  2.8
Fighting       | 1 2 3 |  3.6
Air Magic      | 3 |  3.8
Spellcasting   | 3 4 |  4.1
Dodging        | |  1.7
Stealth        | |  1.4

Action                   |  1- 3 |  4- 6 || total
-------------------------+-------+-------++-------
Melee: Unarmed           |     4 |       ||     4
       Dagger            |       |     1 ||     1
 Cast: Shock             |    75 |   124 ||   199
       Static Discharge  |       |     7 ||     7
       Swiftness         |       |     1 ||     1
  Use: Scroll            |       |     3 ||     3
       Potion            |       |     2 ||     2
Armor: Robe              |     6 |    16 ||    22
Dodge: Dodged            |     6 |    46 ||    52

Table legend: (Time is in decaauts)
 A = Elapsed time spent in this place.
 B = Non-inter-level travel time spent in this place.
 C = Inter-level travel time spent in this place.
 D = Time resting spent in this place.
 E = Time spent auto-exploring this place.
 F = Levels seen in this place.
 G = Mean time per level.
                   A        B        C        D        E       F      G
               +--------+--------+--------+--------+--------+-----+--------+
         Total |   5559 |   5397 |    162 |    215 |   4510 |   5 | 1111.8 |
       Dungeon |   5559 |   5397 |    162 |    215 |   4510 |   5 | 1111.8 |
               +--------+--------+--------+--------+--------+-----+--------+

Top non-repeatable levels by time:
     D:3: 1576 daAuts
     D:2: 1498 daAuts
     D:1: 1428 daAuts
     D:4: 957 daAuts
     D:5: 98 daAuts
